 Dungeon Crawl Stone Soup version 0.26-a0-661-g406de6ba63 (webtiles) character file.

Game seed: 990895876198428458

3118 reriks the Shield-Bearer (level 9, -3/82 HPs)
             Began as a Deep Dwarf Fighter on Oct 8, 2020.
             Was an Initiate of Makhleb.
             Slain by a two-headed ogre
             ... wielding a +0 giant club
              (25 damage)
             ... on level 8 of the Dungeon.
             The game lasted 00:14:42 (6577 turns).

reriks the Shield-Bearer (Deep Dwarf Fighter)       Turns: 6577, Time: 00:14:43

Health: -3/82      AC:  7    Str: 27    XL:     9   Next: 60%
Magic:  7/7        EV:  8    Int:  8    God:    Makhleb [......]
Gold:   331        SH: 13    Dex: 18    Spells: 8/8 levels left

rFire    . . .     SeeInvis .   a - +6 spear "Xaosikhu" {vorpal, Str+3}
rCold    . . .     Faith    .   c - +1 kite shield
rNeg     . . .     Spirit   .   E - +0 scale mail
rPois    .         Reflect  .   (no helmet)
rElec    .         Harm     .   (no cloak)
rCorr    .         Rampage  .   (no gloves)
MR       ++...                  (no boots)
Stlth    ..........             r - amulet of magic regeneration
HPRegen  0.00/turn              g - ring of protection from magic
MPRegen  0.35/turn              k - +6 ring of dexterity

@: non-regenerating, drained
A: damage resistance, heal wounds, sense surroundings 2, no regeneration
a: Heal Wounds, Renounce Religion


You were on level 8 of the Dungeon.
You worshipped Makhleb.
Makhleb was noncommittal.
You visited 2 branches of the dungeon, and saw 9 of its levels.

You collected 331 gold pieces.

Inventory:

Hand Weapons
 a - the +6 spear "Xaosikhu" (weapon) {vorpal, Str+3}
   (You found it on level 4 of the Dungeon)

   It inflicts extra damage upon your enemies.
   It affects your strength (+3).
 b - the +1 spear of Truncation {venom, Dex+4}
   (You found it on level 7 of the Dungeon)

   It poisons the flesh of those it strikes.
   It affects your dexterity (+4).
 j - a +2 spear of venom
 v - a +0 war axe
 A - a +4 trident
Armour
 c - a +1 kite shield (worn)
 E - a +0 scale mail (worn)
Jewellery
 g - a ring of protection from magic (left hand)
 k - a +6 ring of dexterity (right hand)
 l - an uncursed ring of resist corrosion
 n - an uncursed ring of poison resistance
 p - a +4 ring of evasion
 q - an uncursed ring of positive energy
 r - an amulet of magic regeneration (around neck)
 x - a +6 ring of dexterity
 F - an uncursed ring of protection from magic
Wands
 u - a wand of flame (21)
Scrolls
 h - 7 scrolls of teleportation
 i - a scroll of magic mapping
 o - 2 scrolls of enchant armour
 s - 6 scrolls of remove curse
 t - a scroll of amnesia
 w - 2 scrolls of identify
 y - a scroll of immolation {unknown}
Potions
 d - 2 potions of might
 e - 6 potions of curing {unknown}
 f - 2 potions of experience {unknown}
 m - a potion of ambrosia {unknown}
 z - a potion of lignification {unknown}
 B - 2 potions of stabbing {unknown}
 C - a potion of cancellation {unknown}
 D - a potion of brilliance {unknown}


   Skills:
 + Level 6.2(5.3) Fighting
 + Level 6.9(7.2) Axes
 + Level 5.3(5.6) Polearms
 + Level 7.4(6.5) Armour
 + Level 7.4(6.5) Shields


You had 8 spell levels left.
You didn't know any spells.
Your spell library contained the following spells:

 Spells                   Type           Power        Failure   Level
 Corona                   Hex            #......      95%         1
 Ensorcelled Hibernation  Hex/Ice        #.....       99%         2
 Confusing Touch          Hex            #.......     100%        3
 Dazzling Flash           Conj/Hex       #.....       100%        3
 Tukima's Dance           Hex            #.......     100%        3


Dungeon Overview and Level Annotations

Branches:
Dungeon (8/15)             Temple (1/1) D:5
   Lair: D:8-11

Altars:
Ashenzari
Cheibriados
Dithmenos
Elyvilon
Fedhas
Gozag
Hepliaklqana
Kikubaaqudgha
Makhleb
Nemelex Xobeh
Okawaru
Qazlal
Ru
Sif Muna
Uskayaw
Vehumet
Wu Jian
Xom
Yredelemnul
Zin
The Shining One

Shops:
D:4 =

Annotations:
D:3 2 transporters, Demosthentine's ghost, amateur MfAK
D:5 exclusion: statue


Innate Abilities, Weirdness & Mutations

You are resistant to damage.
You can heal yourself by infusing magical energy.
You passively map the area around you.
You do not regenerate.


Message History

The two-headed ogre is moderately wounded.
You block the two-headed ogre's attack. x2
You hit the two-headed ogre.
The two-headed ogre is moderately wounded.
The two-headed ogre hits you with a +0 giant club!!
You block the two-headed ogre's attack.
You hit the two-headed ogre.
The two-headed ogre is moderately wounded.
You puncture the two-headed ogre!
The two-headed ogre is severely wounded.
The two-headed ogre barely misses you. You block the two-headed ogre's attack.
You closely miss the two-headed ogre.
The two-headed ogre is severely wounded.
You block the two-headed ogre's attack.
The two-headed ogre hits you with a cursed -3 giant club!
* * * LOW HITPOINT WARNING * * *
You hit the two-headed ogre but do no damage.
The two-headed ogre is severely wounded.
The two-headed ogre hits you with a +0 giant club!!
You die...

#,** ** ** #.# #.########## #.#
...........# #.# ##############
...........###.#####.............
...............#.................
^................................
...........#####Z###.........)...
#.#######+## #O# #..........).. #
* * #@# #............. * * * #.#
#............. , * #.#
#............. * *#.#
#............. , , ...
............ * * * ###
............ * *,,, , ,,
.......... , , ,** , ....... , ,
, * * ......


You could see a two-headed ogre and a jackal zombie.

Vanquished Creatures
  Grinder (D:5)
  An ice beast (D:6)
  A black bear (D:6)
  3 ogres
  2 phantoms
  3 centaurs
  2 bullfrogs
  2 scorpions
  3 killer bees
  10 wights
  4 howler monkeys
  A quasit (D:6)
  3 hounds
  16 orc wizards
  4 orc priests
  A bullfrog skeleton (D:4)
  5 worker ants
  A hound skeleton (D:7)
  12 adders
  3 gnolls (D:2)
  A shadow imp (D:6)
  An ufetubus (D:6)
  2 oozes
  An adder skeleton (D:4)
  5 worms
  2 leopard geckos
  39 orcs
  5 bats
  3 giant cockroaches
  7 goblins
  8 hobgoblins
  10 jackals
  7 quokkas
  3 ball pythons
  3 frilled lizards
  A jackal skeleton (D:4)
  5 kobolds
  A leopard gecko skeleton (D:4)
  A quokka skeleton (D:6)
  A quokka zombie (D:4)
  6 rats
190 creatures vanquished.

Notes
Turn   | Place    | Note
-------+----------+-------------------------------------------
     0 | D:1      | reriks the Deep Dwarf Fighter began the quest for the Orb.
     0 | D:1      | Reached XP level 1. HP: 20/20 MP: 1/1
   139 | D:1      | Reached XP level 2. HP: 22/27 MP: 2/2
   627 | D:1      | Reached XP level 3. HP: 23/34 MP: 3/3
  1126 | D:2      | Reached skill level 1 in Polearms
  1129 | D:2      | Reached XP level 4. HP: 27/42 MP: 4/4
  1888 | D:3      | Found an opulent altar of Gozag.
  2029 | D:3      | Found a blossoming altar of Fedhas.
  2213 | D:3      | Reached XP level 5. HP: 42/49 MP: 5/5
  2350 | D:3      | Found a transporter.
  2351 | D:3      | Noticed Demosthentine's ghost (amateur MfAK)
  2352 | D:3      | Noticed an ogre
  2353 | D:3      | Identified the +10 dire flail of Freezing Guilt {speed,
                  | rElec rPois rN+}
  2353 | D:3      | Noticed an ogre
  2366 | D:3      | Found a transporter.
  3038 | D:4      | Found a broken altar of Ashenzari.
  3060 | D:4      | Reached XP level 6. HP: 46/57 MP: 6/6
  3269 | D:4      | Found a glowing silver altar of Zin.
  3453 | D:4      | Found an iron altar of Okawaru.
  3713 | D:4      | Found Joecwi's Jewellery Boutique.
  3737 | D:4      | Reached XP level 7. HP: 55/64 MP: 7/7
  3744 | D:4      | Got a polished spear
  3745 | D:4      | Identified the +6 spear "Xaosikhu" {vorpal, Str+3} (You
                  | found it on level 4 of the Dungeon)
  3792 | D:4      | Reached skill level 5 in Shields
  3811 | D:4      | Reached skill level 5 in Armour
  3908 | D:4      | You fall into a shaft and drop 2 floors!
  3921 | D:5      | Entered Level 5 of the Dungeon
  4020 | D:5      | Found a staircase to the Ecumenical Temple.
  4027 | D:5      | Noticed Grinder
  4054 | D:5      | Paralysed by Grinder for 7 turns
  4073 | Temple   | Entered the Ecumenical Temple
  4169 | D:5      | Killed Grinder
  4169 | D:5      | Reached skill level 5 in Axes
  4169 | D:5      | Reached XP level 8. HP: 63/73 MP: 8/8
  4398 | D:5      | Found a radiant altar of Vehumet.
  5018 | D:6      | Reached skill level 5 in Fighting
  5407 | D:6      | Gained mutation: You passively map the area around you.
                  | [Deep Dwarf growth]
  5407 | D:6      | Reached XP level 9. HP: 56/81 MP: 9/9
  5836 | D:7      | Got a twisted spear
  5837 | D:7      | Identified the cursed +1 spear of Truncation {venom, Dex+4}
                  | (You found it on level 7 of the Dungeon)
  5885 | D:7      | Found a basalt altar of Yredelemnul.
  5943 | D:7      | Found a sparkling altar of Nemelex Xobeh.
  6058 | D:7      | Reached skill level 5 in Polearms
  6097 | D:7      | Found a burning altar of Makhleb.
  6100 | D:7      | Found a shadowy altar of Dithmenos.
  6146 | D:7      | Found a stormy altar of Qazlal.
  6151 | D:7      | Became a worshipper of Makhleb the Destroyer
  6553 | D:8      | Noticed a two-headed ogre
  6577 | D:8      | Slain by a two-headed ogre

Illustrated notes

Levels and vault maps discovered:
D:1:      lemuel_arrival_hallway, layout_basic, minmay_statues_item,
          minmay_tiny_reverse_x
D:2:      layout_loops_corners
D:3:      layout_basic, nicolae_gozag_seed_capital, old_standard_altar,
          gammafunk_ghost_smash
D:4:      layout_gridville, okawaru_ov_weapons_minmay,
          ashenzari_conservatory_becter, marbit_many_paths, serial_shops,
          nicolae_shop_crystal, minmay_starry_boxes
D:5:      layout_basic, vehumet_statue, minmay_temple_entry_tees,
          chequers_big_river, uniq_grinder
D:6:      layout_basic
D:7:      layout_rooms, nemelex_xobeh_ov_fountains_minmay, lemuel_crystal_altar,
          grunt_temple_overflow_open, serial_glass, glass_columns_b,
          glass_columns_c, glass_columns_b, glass_columns_a, glass_columns_c,
          glass_columns_a, glass_columns_a, glass_columns_b,
          kennysheep_generic_room_9
D:8:      layout_basic, uniq_pikel
Temple:   compressed_dpeg_circular_temple

Skill      XL: |  1  2  3  4  5  6  7  8  9 |
---------------+----------------------------+-----
Fighting       | 3 4 5 6 |  6.2
Polearms       | 1 2 3 4 5 |  5.3
Axes           | 3 4 5 6 |  6.9
Shields        | 4 5 6 7 |  7.4
Armour         | 4 5 6 7 |  7.4

Action                   |  1- 3 |  4- 6 |  7- 9 || total
-------------------------+-------+-------+-------++-------
Melee: War axe           |    21 |       |       ||    21
       Spear             |    75 |   173 |   415 ||   663
 Abil: Heal Wounds       |       |     2 |     9 ||    11
Evoke: Wand              |       |       |     3 ||     3
  Use: Scroll            |     5 |       |     5 ||    10
 Stab: Paralysed         |       |       |     4 ||     4
Armor: Scale mail        |    21 |    36 |    80 ||   137
Dodge: Dodged            |    18 |    31 |    78 ||   127
Block: Kite shield       |    41 |    68 |   176 ||   285

Table legend: (Time is in decaauts)
 A = Elapsed time spent in this place.
 B = Non-inter-level travel time spent in this place.
 C = Inter-level travel time spent in this place.
 D = Time resting spent in this place.
 E = Time spent auto-exploring this place.
 F = Levels seen in this place.
 G = Mean time per level.
                   A        B        C        D        E       F      G
               +--------+--------+--------+--------+--------+-----+--------+
         Total |   6566 |   6291 |    275 |   1130 |   3751 |   9 |  729.6 |
       Dungeon |   6483 |   6211 |    272 |   1130 |   3679 |   8 |  810.4 |
        Temple |     83 |     80 |      3 |      0 |     72 |   1 |   83.0 |
               +--------+--------+--------+--------+--------+-----+--------+

Top non-repeatable levels by time:
     D:4: 1308 daAuts
     D:2: 1099 daAuts
     D:3: 881 daAuts
     D:6: 857 daAuts
     D:5: 810 daAuts
     D:1: 768 daAuts
     D:7: 629 daAuts
     D:8: 127 daAuts
  Temple: 83 daAuts
